 Dungeon Crawl Stone Soup version 0.24-a0-279-ga7546fe (webtiles) character file.

Game seed: 11757683527873409346

879 Inarius the Poker (level 7, -7/59 (60) HPs)
             Began as a Centaur Chaos Knight on May 1, 2019.
             Was a Plaything of Xom.
             Mangled by an orc warrior
             ... wielding a +0 trident
              (19 damage)
             ... on level 4 of the Dungeon.
             The game lasted 00:06:29 (3749 turns).

Inarius the Poker (Centaur Chaos Knight)            Turns: 3749, Time: 00:06:29

HP:   -7/59 (60)    AC:  9    Str: 15    XL:     7   Next: 75%
MP:   7/7           EV: 10    Int:  9    God:    Xom [.*....]
Gold: 160           SH:  0    Dex:  8    Spells: 6/6 levels left

rFire    . . .     SeeInvis .   a - +0 spear (chaos)
rCold    . . .     Gourm    .   (no shield)
rNeg     + + .     Faith    .   k - +2 leather armour {rN+}
rPois    .         Spirit   .   (no helmet)
rElec    .         Reflect  .   u - +0 cloak
rCorr    .         Harm     .   g - +0 pair of gloves
MR       .....                  (no barding)
Stlth    +.........             (no amulet)
HPRegen  0.19/turn              m - ring of positive energy
MPRegen  0.10/turn              (no ring)

@: very quick
A: large, hooves 3, clumsy 1, deformed body, dopey 1, speed 2, tough skin 3,
subdued magic 1
a: Renounce Religion


You were on level 4 of the Dungeon.
You worshipped Xom.
You were a plaything of Xom.
You were very hungry.

You visited 1 branch of the dungeon, and saw 5 of its levels.

You collected 160 gold pieces.

Inventory:

Hand Weapons
 a - a +0 spear of chaos (weapon)
 v - a +4 quarterstaff of chaos
Armour
 g - a +0 pair of gloves (worn)
 k - a +2 leather armour of positive energy (worn)
 u - a +0 cloak (worn)
Jewellery
 m - a ring of positive energy (left hand)
 w - an uncursed ring of fire {unknown}
 x - an uncursed amulet of magic regeneration {unknown}
Scrolls
 d - 2 scrolls of amnesia {unknown}
 e - 4 scrolls of remove curse {unknown}
 f - a scroll of immolation {unknown}
 i - 3 scrolls of enchant weapon {unknown}
 l - 5 scrolls of identify {unknown}
 o - 4 scrolls of teleportation {unknown}
 p - a scroll of fear {unknown}
 r - a scroll of blinking {unknown}
Potions
 b - 2 potions of curing {unknown}
 h - a potion of invisibility
 j - a potion of lignification {unknown}
 n - a potion of cancellation {unknown}
 q - a potion of flight {unknown}
 s - a potion of ambrosia {unknown}
Comestibles
 c - 12 rations


   Skills:
 + Level 4.8 Fighting
 + Level 6.4 Polearms
 + Level 2.6 Armour
 + Level 2.5 Dodging
 + Level 0.5 Stealth


You had 6 spell levels left.
You didn't know any spells.
Your spell library was empty.

Dungeon Overview and Level Annotations

Branches:
Dungeon (5/15)             Temple (0/1) D:4

Altars:
Nemelex Xobeh
Xom
Zin
The Shining One


Innate Abilities, Weirdness & Mutations

You have hooves in place of feet.
Armour fits poorly on your strangely shaped body.
You cover ground very quickly.
You have extremely tough skin. (AC +3)
You are clumsy. (Dex -2)
You are dopey. (Int -2)
Your spells are a little easier to cast, but a little less powerful.


Message History

There is a stone staircase leading up here.
The orc warrior hits you with a +0 trident.
You climb upwards.
There is a stone staircase leading down here.
You barely miss the orc warrior.
The orc warrior is severely wounded.
You hit the orc warrior. You freeze the orc warrior.
The orc warrior is almost dead.
The orc warrior hits you with a +0 trident!
You barely miss the orc warrior.
You kick the orc warrior, but do no damage.
The orc warrior is almost dead.
The orc warrior hits you with a +0 trident!
* * * LOW HITPOINT WARNING * * *
You barely miss the orc warrior. Your kick misses the orc warrior.
The orc warrior is almost dead.
You closely miss the orc warrior.
The orc warrior is almost dead.
The orc warrior hits you with a +0 trident!!
You die...

..............#.##.#.#
.......#....#.#.##.#.#######
.......#....#...##.#.......#
.......#....##..##.#.#####.#
.......#.....#..##.#.# #.#
.....###.....#..##.#.# #.#
.....####....##.##.#.# #.#
.....+.......##....#.###
#.####
.....#........#.@o.....#
#...<#
#....#.......)#.######.#
######
##...#.......).......#.#
.#####.......([..###.#.#
......÷..........###.#.#
.#.............(.....#.#
##............#.######.#
#...##.÷......#.# #.#
....####.....##.# #.#


You could see an orc warrior.

Vanquished Creatures
  Menkaure (D:5)
  An ogre (D:4)
  A wolf (D:4)
  A sky beast (D:3)
  A howler monkey (D:4)
  A crimson imp (D:2)
  A hound (D:2)
  Crazy Yiuf (D:3)
  3 orc priests
  3 orc wizards
  An iguana (D:5)
  4 adders
  3 oozes (D:1)
  3 worms
  2 leopard geckos (D:2)
  9 orcs
  A ball python (D:3)
  9 giant cockroaches
  8 goblins
  4 hobgoblins
  3 jackals
  4 kobolds
  A quokka (D:2)
  2 bats
  5 frilled lizards
  A quokka skeleton (D:5)
  11 rats
85 creatures vanquished.

Vanquished Creatures (collateral kills)
  2 orc wizards (D:4)
2 creatures vanquished.

Vanquished Creatures (others)
  A worm (D:3)
  A hobgoblin (D:2)
2 creatures vanquished.

Grand Total: 89 creatures vanquished

Notes
Turn   | Place    | Note
-------+----------+-------------------------------------------
     0 | D:1      | Inarius the Centaur Chaos Knight began the quest for the
                  | Orb.
     0 | D:1      | Reached XP level 1. HP: 19/19 MP: 1/1
     1 | D:1      | Found a runed translucent door.
    15 | D:1      | XOM: potion effect (invisibility)
    21 | D:1      | XOM: confuse monster(s)
    36 | D:1      | Reached skill level 3 in Polearms
    36 | D:1      | Reached XP level 2. HP: 12/26 MP: 2/2
    63 | D:1      | XOM: harmless Tmut miscast
   258 | D:1      | XOM: cloud trail
   281 | D:1      | Reached XP level 3. HP: 29/33 MP: 3/3
   731 | D:1      | XOM: stat loss: -1 Dex (8/9)
   849 | D:2      | Reached skill level 1 in Dodging
   849 | D:2      | Reached XP level 4. HP: 38/40 MP: 4/4
   867 | D:2      | Found a shimmering altar of Xom.
  1302 | D:2      | Found a glowing silver altar of Zin.
  1303 | D:2      | Found a sparkling altar of Nemelex Xobeh.
  1368 | D:3      | Reached skill level 4 in Polearms
  1382 | D:3      | XOM: summons 3 hostile shadow creatures
  1459 | D:3      | Reached XP level 5. HP: 45/46 MP: 5/5
  1466 | D:3      | Noticed a sky beast
  1472 | D:3      | XOM: harmless Ice miscast
  1476 | D:3      | Killed a sky beast
  1589 | D:3      | Found a runed translucent door.
  1590 | D:3      | Noticed Crazy Yiuf
  1747 | D:3      | XOM: give mutations
  1747 | D:3      | Gained mutation: You are dopey. (Int -2) [Xom's mischief]
  1747 | D:3      | Gained mutation: You are clumsy. (Dex -2) [Xom's mischief]
  1747 | D:3      | Gained mutation: Your spells are a little easier to cast,
                  | but a little less powerful. [Xom's mischief]
  1834 | D:3      | XOM: butterfly on damage
  1837 | D:3      | Reached XP level 6. HP: 30/52 MP: 6/6
  2071 | D:3      | Killed Crazy Yiuf
  2142 | D:4      | Reached skill level 5 in Polearms
  2251 | D:4      | XOM: mild Necr miscast
  2331 | D:4      | XOM: polymorph howler monkey -> wolf
  2338 | D:4      | Reached XP level 7. HP: 26/59 MP: 7/7
  2434 | D:4      | XOM: 1-stop teleportation journey
  2445 | D:4      | XOM: summons friendly shadow imp
  2608 | D:4      | XOM: divination: magic mapping
  2631 | D:4      | Found a staircase to the Ecumenical Temple.
  2799 | D:4      | Found a glowing golden altar of the Shining One.
  2821 | D:4      | Reached skill level 6 in Polearms
  3041 | D:4      | XOM: harmless Summ miscast
  3166 | D:5      | Entered Level 5 of the Dungeon
  3171 | D:5      | Noticed Menkaure
  3257 | D:5      | Killed Menkaure
  3302 | D:5      | XOM: noise
  3733 | D:5      | XOM: summons friendly quasit
  3749 | D:4      | Mangled by an orc warrior

Levels and vault maps discovered:
D:1:      dpeg_arrival_caged_fury, layout_basic
D:2:      layout_basic, gammafunk_temple_overflow_pools, xom_teletrap_fun
D:3:      layout_loops_ring, uniq_crazy_yiuf_cottage
D:4:      layout_basic, lemuel_round_altar, temple_fountains
D:5:      layout_layer_cave, first_ration, basic_altar, lemuel_angel_altar,
          uniq_menkaure, uniq_eustachio

Skill      XL: |  1  2  3  4  5  6  7 |
---------------+----------------------+-----
Polearms       | 3 4 5 6 |  6.4
Dodging        | 1 2 |  2.5
Fighting       | 4 |  4.8
Armour         | 2 |  2.6
Stealth        | |  0.5

Action                   |  1- 3 |  4- 6 |  7- 9 || total
-------------------------+-------+-------+-------++-------
Melee: Spear             |    92 |   152 |    78 ||   322
       Kick              |    11 |    27 |    15 ||    53
 Stab: Invisible         |     2 |       |       ||     2
  Eat: Chunk             |       |     3 |     3 ||     6
Armor: Leather armour    |    35 |    54 |    19 ||   108
Dodge: Dodged            |    32 |    56 |    14 ||   102

Table legend:
 A = Non-vault XP
 B = Vault XP
 C = Vault XP percentage of total XP
 D = Non-vault monster count
 E = Vault monster count
 F = Vault count percentage of total count
                 A         B        C        D         E       F
            +---------+---------+-------+---------+---------+-------
      Total |    1009 |     247 |  19.7 |      73 |      16 |  18.0
            +---------+---------+-------+---------+---------+-------
        D:1 |      20 |      34 |  63.0 |      10 |      14 |  58.3
        D:2 |     132 |       0 |   0.0 |      18 |       0 |   0.0
        D:3 |     214 |      41 |  16.1 |      20 |       1 |   4.8
        D:4 |     568 |       0 |   0.0 |      21 |       0 |   0.0
        D:5 |      75 |     172 |  69.6 |       4 |       1 |  20.0
            +---------+---------+-------+---------+---------+-------
